 Dungeon Crawl Stone Soup version 0.30.1-9-gdf580d7c3d (webtiles) character file.

Game seed: 10391419637593479859

102 booth the Chopper (level 4, 0/34 HPs)
             Began as a Demonspawn Gladiator on Sept 29, 2023.
             Was a Follower of Dithmenos.
             Slain by Sigmund
             ... wielding a +0 scythe
              (5 damage)
             ... on level 2 of the Dungeon.
             The game lasted 00:09:56 (1366 turns).

booth the Chopper (Demonspawn Gladiator)            Turns: 1366, Time: 00:09:56

Health: 0/34       AC:  9    Str: 14    XL:     4   Next: 50%
Magic:  4/4        EV: 11    Int: 12    God:    Dithmenos [*.....]
Gold:   22         SH:  0    Dex: 14    Spells: 3/3 levels left

rFire   + . .        a - +0 war axe
rCold   . . .        (no shield)
rNeg    . . .        l - +0 ring mail
rPois   .            c - +0 helmet
rElec   .            (no cloak)
rCorr   .            h - +1 pair of gloves
SInv    .            i - +0 pair of boots
Will    .....        (no amulet)
Stlth   +            b - ring of protection from fire
HPRegen 0.25/turn    (no ring)
MPRegen 0.18/turn

%: no passive effects
@: brilliant, wreathed by umbra
A: magic regeneration, weakness stinger 1
a: Renounce Religion


You were on level 2 of the Dungeon.
You worshipped Dithmenos.
Dithmenos was aware of your devotion.
You visited 1 branch of the dungeon, and saw 2 of its levels.

You collected 44 gold pieces.
You spent 22 gold pieces at shops.

Inventory:

Hand Weapons
 a - a +0 war axe (weapon)
 f - a +0 mace
Missiles
 d - 3 throwing nets (quivered)
 e - a javelin
Armour
 c - a +0 helmet (worn)
 h - a +1 pair of gloves (worn)
 i - a +0 pair of boots (worn)
 l - a +0 ring mail (worn)
Jewellery
 b - a ring of protection from fire (left hand)
Scrolls
 k - 2 scrolls of magic mapping
Potions
 g - a potion of attraction
 j - a potion of curing
 m - 3 potions of brilliance


   Skills:
 + Level 2.8 Fighting
 * Level 3.7 Axes
 + Level 2.4 Throwing
 + Level 3.2 Dodging


You had 3 spell levels left.
You didn't know any spells.
Your spell library was empty.

Dungeon Overview and Level Annotations

Branches:
Dungeon (2/15)

Altars:
Dithmenos
Xom

Shops:
D:1 *

Annotations:
D:2 Sigmund


Innate Abilities, Weirdness & Mutations

You regenerate magic rapidly.
You have a small tail.


Message History

The bat hits you but does no damage.
You closely miss the bat.
You tail-slap the bat, but do no damage.
The bat closely misses you. Sigmund closely misses you.
The bat barely misses you.
You hit the bat.
You kill the bat!
Dithmenos accepts your kill. Sigmund completely misses you.
You closely miss Sigmund. Sigmund barely misses you.
You hit Sigmund.
Sigmund is lightly wounded.
Sigmund casts a spell.
Sigmund flickers and vanishes!
Deactivating autopickup; reactivate with Ctrl-A.
You closely miss something.
Your tail-slap misses something.
Something hits you!
You barely miss something.
Your tail-slap misses something.
You hear some strange, mumbled words.
Something tries to affect you, but you resist.
You miss something. Something hits you.
You barely miss something. Something hits you but does no damage.
You hit something but do no damage. Something hits you.
You closely miss something. Something hits you but does no damage.
You slash something! Something hits you.
You hit something. Something hits you.
You hit something.
You hear some strange, mumbled words.
Something tries to affect you, but you resist.
You closely miss something.
You hear some strange, mumbled words.
A puff of flame appears from out of thin air!
The puff of flame hits you. You resist.
You miss something. Something hits you.
You hit something.
Your tail-slap misses something.
Something hits you!
* * * LOW HITPOINT WARNING * * *
It was a potion of brilliance.
You feel clever all of a sudden. Something hits you.
You die...

.......####.#####
###...## #.# ##.##
#.# #.######.####
#.##........#
#+##.###.##.#
#.##.### ##.
#......# #...
........#@# ....
..####...{# .....
........#
.....#####.......#
##.....##....#.#
#..#.<..#...##..
#.......#...##.#.
#.<._.#.....##..
#.......#..##


There were no monsters in sight!

Vanquished Creatures
  An iguana (D:2)
  Natasha (D:2)
  An adder (D:2)
  2 worms (D:2)
  2 dart slugs
  An orc (D:2)
  5 ball pythons
  4 endoplasms
  A giant cockroach (D:1)
  2 goblins
  A hobgoblin (D:2)
  2 jackals (D:1)
  5 bats
  6 rats (D:1)
34 creatures vanquished.

Notes
Turn   | Place    | Note
-------+----------+-------------------------------------------
     0 | D:1      | booth the Demonspawn Gladiator began the quest for the Orb.
     0 | D:1      | Reached XP level 1. HP: 16/16 MP: 1/1
   189 | D:1      | Gained mutation: You have a small tail. [demonic ancestry]
   189 | D:1      | Reached XP level 2. HP: 22/22 MP: 2/2
   378 | D:1      | Found Isorud's General Store.
   399 | D:1      | Bought a scroll of identify for 22 gold pieces
   621 | D:2      | Found a faded altar of an unknown god.
   711 | D:2      | Prayed at the altar of an unknown god.
   711 | D:2      | Became a worshipper of Dithmenos the Shadowed
   711 | D:2      | Reached * piety under Dithmenos
   729 | D:2      | Gained mutation: You regenerate magic rapidly. [demonic
                  | ancestry]
   729 | D:2      | Reached XP level 3. HP: 16/28 MP: 3/3
   915 | D:2      | Found a shimmering altar of Xom.
   962 | D:2      | Reached XP level 4. HP: 32/34 MP: 4/4
  1192 | D:2      | Noticed Natasha
  1212 | D:2      | Killed Natasha
  1345 | D:2      | Noticed Sigmund
  1366 | D:2      | Slain by Sigmund

Illustrated notes

Levels and vault maps discovered:
D:1:      dpeg_arrival_tiny_b, layout_rooms, serial_shops, shop
D:2:      layout_loops_corners, basic_altar, nicolae_ecumenical_pavilion,
          uniq_natasha, uniq_crazy_yiuf_cottage, uniq_sigmund

Skill      XL: |  1  2 |
---------------+-------+-----
Axes           | 3 |  3.7
Throwing       | 2 |  2.4
Dodging        | 3 |  3.2
Fighting       | |  2.8

Action                     |  1- 3 |  4- 6 || total
---------------------------+-------+-------++-------
  Melee: War axe           |    84 |    51 ||   135
         Tailslap          |     7 |     6 ||    13
         Punch             |     1 |       ||     1
    Use: Scroll            |     2 |     1 ||     3
         Potion            |       |     1 ||     1
 Armour: Leather armour    |    21 |       ||    21
         Ring mail         |    13 |    25 ||    38
  Dodge: Dodged            |    58 |    38 ||    96
